 Dungeon Crawl Stone Soup version 0.31.0-9-g3a7656b989 (webtiles) character file.

Game seed: 10447790528644424995

187 qw the Shooter (level 5, 0/26 HPs)
             Began as a Spriggan Hunter on Feb 2, 2024.
             Succumbed to a gnoll's poison
             ... on level 4 of the Dungeon.
             The game lasted 00:00:08 (2215 turns).

qw the Shooter (Spriggan Hunter)                    Turns: 2215, Time: 00:00:09

Health: 0/26       AC:  2    Str:  7      XL:     5   Next: 39%
Magic:  1/6        EV: 20    Int:  8      God:
Gold:   193        SH:  0    Dex: 20 (21) Spells: 4/4 levels left

rFire   . . .        a - +1 shortbow
rCold   . . .        (shield currently unavailable)
rNeg    . . .        c - +0 robe
rPois   +            (helmet restricted)
rElec   .            (no cloak)
rCorr   .            (gloves unavailable)
SInv    +            (boots unavailable)
Will    .....        k - amulet of guardian spirit
Stlth   ++           g - ring of poison resistance
HPRegen 0.24/turn    (no ring)
MPRegen 0.10/turn

%: random rage (3%), guardian spirit
@: lethally poisoned (0 -> -19), very quick
A: very small, no large weapons, unfitting armour, see invisible, speed 3,
berserk 1, dopey 1, inability to read after injury 1, persistent drain
a: no special abilities


You were on level 4 of the Dungeon.
You visited 1 branch of the dungeon, and saw 4 of its levels.

You collected 193 gold pieces.


Innate Abilities, Weirdness & Mutations

You are very small and have problems with some larger weapons.
You are too small for most types of armour.
You have supernaturally acute eyesight. (SInv)
You cover ground extremely quickly. (Speed+++)
You sometimes lose your temper in combat.
You are dopey. (Int -2)
You occasionally lose the ability to read scrolls when taking damage.
Your health recovers twice as slowly from being drained.


   Skills:
 - Level 2.2 Fighting
 + Level 5.4 Ranged Weapons
 - Level 5.2 Dodging
 - Level 1.5 Stealth


You had 4 spell levels left.
You didn't know any spells.
Your spell library was empty.

Inventory:

Hand Weapons
 a - a +1 shortbow (weapon)
Armour
 c - a +0 robe (worn)
Jewellery
 g - a ring of poison resistance (left hand)
 k - an amulet of guardian spirit (around neck)
Wands
 h - a wand of paralysis (7)
Scrolls
 d - a scroll of immolation {unknown}
 j - a scroll of enchant armour
Potions
 b - a potion of curing

Dungeon Overview and Level Annotations

Branches:
Dungeon (4/15)
 Temple: D:4-7

Altars:


Message History

You feel very sick. The gnoll closely misses you. x2
You shoot an arrow. The arrow completely misses the gnoll.
The arrow hits the ball python.
You kill the ball python!
You feel sick. The gnoll barely misses you. The gnoll misses you.
An orc comes into view. It is wielding a +0 flail.
The gnoll barely misses you. The gnoll closely misses you.
You shoot an arrow. The arrow closely misses the gnoll.
The arrow hits the gnoll!
The gnoll is almost dead.
You feel sick.
The gnoll hits you from afar with a +2 spear of venom!
The gnoll misses you.
2210 ||| DRINKING potion of heal wounds.
You feel much better.
You feel sick. The gnoll completely misses you. The gnoll barely misses you.
You shoot an arrow. The arrow hits the gnoll.
The gnoll is heavily wounded.
You feel sick. The gnoll closely misses you.
The gnoll hits you from afar with a +2 spear of venom.
You are more poisoned.
You shoot an arrow. The arrow hits the gnoll.
The gnoll is severely wounded.
You feel very sick. The gnoll barely misses you.
The gnoll hits you with a +0 club.
You shoot an arrow.
The arrow hits the gnoll but does no damage.
The gnoll is severely wounded.
You feel sick. The gnoll misses you. x2
You shoot an arrow.
The arrow hits the gnoll but does no damage.
The gnoll is severely wounded.
You feel very sick.
The gnoll hits you from afar with a +2 spear of venom.
You are more poisoned.
The gnoll closely misses you.
You shoot an arrow. The arrow closely misses the gnoll.
The arrow barely misses the gnoll.
The arrow barely misses the orc.
You die...

.#.<.... .#
. ....#..#
#. ..
g...... .
#.##..
..#.# .....
..#.#
.#.#)?.
#...
......g##.#
.....ogg@.#
.....#K##.#
... #. #.#
. ## #.#
#.# #.# #.#
######.#
#......#


You could see 3 gnolls, an orc and a kobold.

Vanquished Creatures
  2 hounds (D:4)
  An orc wizard (D:4)
  A gnoll (D:4)
  3 adders
  2 orcs (D:4)
  4 ball pythons
  5 endoplasms
  3 giant cockroaches
  6 goblins
  5 hobgoblins
  7 jackals
  A quokka (D:1)
  10 bats
  A frilled lizard (D:2)
  3 kobolds
  10 rats
64 creatures vanquished.

Notes
Turn   | Place    | Note
-------+----------+-------------------------------------------
     0 | D:1      | qw the Spriggan Hunter began the quest for the Orb.
     0 | D:1      | Reached XP level 1. HP: 10/10 MP: 2/2
     0 | D:1      | 0 ||| qw: Version: 0.3-a-155-g5e7d8dd
     0 | D:1      | 0 ||| qw: Game counter: 616
     0 | D:1      | 0 ||| qw: Melee chars always use a shield: true
     0 | D:1      | 0 ||| qw: God list: Okawaru
     0 | D:1      | 0 ||| qw: Allow faded altars: false
     0 | D:1      | 0 ||| qw: Do Orc after clearing Dungeon:15 true
     0 | D:1      | 0 ||| qw: Do second Lair branch before Depths: true
     0 | D:1      | 0 ||| qw: Lair rune preference: random
     0 | D:1      | 0 ||| qw: Goals: Normal
     0 | D:1      | 0 ||| PLANNING D:1-11
     7 | D:1      | Reached skill level 3 in Dodging
   208 | D:1      | Reached XP level 2. HP: 14/14 MP: 3/3
   230 | D:1      | Found a faded altar of an unknown god.
   606 | D:1      | 606 ||| UPGRADING to ring of poison resistance.
   607 | D:1      | 607 ||| READING 2 scrolls labelled SELUUCE ER INU.
   611 | D:1      | 611 ||| READING scroll labelled LUGGYBB QUITS.
   611 | D:1      | 611 ||| IDENTIFYING fuming cyan potion
   612 | D:1      | 612 ||| DROPPING scroll of butterflies.
   682 | D:2      | Reached XP level 3. HP: 18/18 MP: 4/4
  1142 | D:2      | 1142 ||| READING scroll labelled JUXOEB IFU FIT.
  1142 | D:2      | 1142 ||| ENCHANTING +0 shortbow.
  1143 | D:2      | 1143 ||| READING scroll labelled LOBIATURAA.
  1244 | D:2      | 1244 ||| READING 2 scrolls labelled JYCEPRACIS.
  1245 | D:2      | 1245 ||| READING scroll labelled COPAICSIASY.
  1246 | D:2      | 1246 ||| READING scroll labelled YCKOUMPOAN.
  1247 | D:2      | 1247 ||| DRINKING 2 viscous puce potions.
  1248 | D:2      | 1248 ||| DRINKING silvery potion.
  1248 | D:2      | Gained mutation: You are partially covered in iridescent
                  | scales. (AC +2) [potion of mutation]
  1248 | D:2      | Gained mutation: You are frail. (-10% HP) [potion of
                  | mutation]
  1248 | D:2      | Gained mutation: You sometimes lose your temper in combat.
                  | [potion of mutation]
  1248 | D:2      | Gained mutation: Your muscles are strong. (Str +4, Int/Dex
                  | -1) [potion of mutation]
  1249 | D:2      | 1249 ||| DRINKING amethyst potion.
  1250 | D:2      | 1250 ||| DRINKING smoky silvery potion.
  1294 | D:2      | 1294 ||| DROPPING potion of ambrosia.
  1295 | D:2      | 1295 ||| DROPPING scroll of fog.
  1691 | D:3      | 1691 ||| DRINKING potion of mutation.
  1691 | D:3      | Lost mutation: You are partially covered in iridescent
                  | scales. (AC +2) [potion of mutation]
  1691 | D:3      | Lost mutation: You are frail. (-10% HP) [potion of
                  | mutation]
  1691 | D:3      | Lost mutation: Your muscles are strong. (Str +4, Int/Dex
                  | -1) [potion of mutation]
  1691 | D:3      | Gained mutation: You are dopey. (Int -2) [potion of
                  | mutation]
  1691 | D:3      | Gained mutation: Your health recovers twice as slowly from
                  | being drained. [potion of mutation]
  1691 | D:3      | Gained mutation: You occasionally lose the ability to read
                  | scrolls when taking damage. [potion of mutation]
  1897 | D:3      | Reached XP level 4. HP: 22/22 MP: 5/5
  1910 | D:3      | 1910 ||| FLEEEEING.
  2057 | D:3      | 2057 ||| UPGRADING to amulet of guardian spirit.
  2062 | D:3      | 2062 ||| READING scroll of identify.
  2062 | D:3      | 2062 ||| IDENTIFYING purple potion
  2063 | D:3      | 2063 ||| READING scroll labelled DIL EGROAMU.
  2064 | D:3      | 2064 ||| READING scroll labelled IDGHED DIERGHET.
  2064 | D:3      | 2064 ||| ENCHANTING +0 shortbow.
  2114 | D:4      | HP: 5/22 [orc wizard/magic dart (3)]
  2115 | D:4      | 2115 ||| READING scroll of teleportation.
  2116 | D:4      | 2116 ||| DRINKING 2 potions of heal wounds.
  2143 | D:4      | Reached XP level 5. HP: 23/26 MP: 3/6
  2201 | D:4      | 2201 ||| RETREEEEATING.
  2209 | D:4      | HP: 6/26 [poisoned by a gnoll]
  2209 | D:4      | HP: 1/26 [gnoll/+2 spear of venom (5)]
  2210 | D:4      | 2210 ||| DRINKING potion of heal wounds.
  2214 | D:4      | HP: 5/26 [gnoll/+2 spear of venom (2)]
  2215 | D:4      | Succumbed to a gnoll's poison

Levels and vault maps discovered:
D:1:      wander_arrival_fairy_ring, layout_loops_ring,
          shapermc_ecumenical_altar_pompeii
D:2:      layout_basic
D:3:      wad_lake_hut, layout_basic
D:4:      layout_basic, lemuel_crystal_altar, kennysheep_generic_room_12,
          uniq_duvessa

Skill      XL: |  1  2  3  4 |
---------------+-------------+-----
Dodging        | 3 4 5 |  5.2
Ranged Weapons | 5 |  5.4
Fighting       | 2 |  2.2
Stealth        | |  1.5

Action                     |  1- 3 |  4- 6 || total
---------------------------+-------+-------++-------
   Fire: Shortbow          |    96 |    79 ||   175
    Use: Scroll            |     7 |     4 ||    11
         Potion            |     5 |     2 ||     7
 Armour: Robe              |     4 |    27 ||    31
  Dodge: Dodged            |    14 |    85 ||    99

Table legend:
 A = Non-vault XP
 B = Vault XP
 C = Vault XP percentage of total XP
 D = Non-vault monster count
 E = Vault monster count
 F = Vault count percentage of total count
                 A         B        C        D         E       F
            +---------+---------+-------+---------+---------+-------
      Total |     268 |       0 |   0.0 |      64 |       0 |   0.0
            +---------+---------+-------+---------+---------+-------
        D:1 |      34 |       0 |   0.0 |      21 |       0 |   0.0
        D:2 |      39 |       0 |   0.0 |      19 |       0 |   0.0
        D:3 |      32 |       0 |   0.0 |      12 |       0 |   0.0
        D:4 |     163 |       0 |   0.0 |      12 |       0 |   0.0
            +---------+---------+-------+---------+---------+-------
